 Dungeon Crawl Stone Soup version 0.27.0-66-gdc8fb28755 (webtiles) character file.

Game seed: 16372247117002027381

69 robertstho the Cudgeller (level 4, -1/45 HPs)
             Began as a Troll Berserker on Aug 20, 2021.
             Was a Believer of Trog.
             Slain by Robin (9 damage)
             ... on level 2 of the Dungeon.
             The game lasted 00:01:30 (880 turns).

robertstho the Cudgeller (Troll Berserker)           Turns: 880, Time: 00:01:31

Health: -1/45      AC:  4    Str: 25    XL:     4   Next: 2%
Magic:  3/3        EV: 10    Int:  4    God:    Trog [**....]
Gold:   82         SH:  0    Dex:  9    Spells: 3/3 levels left

rFire    + . .     SeeInvis .   a - +0 mace
rCold    + . .     Faith    .   (no shield)
rNeg     . . .     Spirit   .   b - +0 animal skin
rPois    +         Reflect  .   (helmet restricted)
rElec    +         Harm     .   (no cloak)
rCorr    +         Rampage  .   (gloves unavailable)
Will     .....                  (boots unavailable)
Stlth    +.........             (no amulet)
HPRegen  1.15/turn              (no ring)
MPRegen  0.08/turn              (no ring)

@: resistant
A: large, unfitting armour, claws 3, regeneration 1, shaggy fur 1, tough skin 1
a: Renounce Religion, Berserk, Trog's Hand


You were on level 2 of the Dungeon.
You worshipped Trog.
Trog was pleased with you.
You visited 1 branch of the dungeon, and saw 2 of its levels.

You collected 82 gold pieces.

Inventory:

Hand Weapons
 a - a +0 mace (weapon)
Armour
 b - a +0 animal skin (worn)
Scrolls
 e - a scroll of identify {unknown}
 f - a scroll of enchant weapon {unknown}
 g - a scroll of teleportation {unknown}


   Skills:
 * Level 3.0 Fighting
 + Level 3.3 Maces & Flails
 * Level 1.0 Armour
 + Level 2.8 Dodging


You had 3 spell levels left.
You didn't know any spells.
Your spell library was empty.

Dungeon Overview and Level Annotations

Branches:
Dungeon (2/15)

Altars:

Annotations:
D:2 Robin


Innate Abilities, Weirdness & Mutations

You are too large for most types of armour.
You have claws for hands.
Your natural rate of healing is unusually fast.
You are covered in fur. (AC +1)
You have tough skin. (AC +1)


Message History

Robin misses you. The goblin closely misses you.
You hit Robin.
Robin is severely wounded.
Robin hits you with a +0 mace. The goblin hits you with a +0 club.
* * * LOW HITPOINT WARNING * * *
You closely miss Robin.
Robin is severely wounded.
Robin hits you but does no damage. The goblin hits you but does no damage.
Robin barely misses you. The goblin barely misses you.
You barely miss Robin.
Robin is severely wounded.
Robin closely misses you. The goblin hits you with a +0 club.
* * * LOW HITPOINT WARNING * * *
It was a potion of curing.
You feel better. Robin hits you with a +0 mace.
The goblin hits you with a +0 club.
* * * LOW HITPOINT WARNING * * *
You feel better.
The goblin no longer looks unusually strong.
Robin hits you with a +0 mace!
* * * LOW HITPOINT WARNING * * *
The goblin hits you with a +0 club.
* * * LOW HITPOINT WARNING * * *
It was a potion of resistance.
You feel protected. Robin closely misses you.
The goblin hits you with a +0 club.
* * * LOW HITPOINT WARNING * * *
You barely miss Robin.
Robin is severely wounded.
Robin roars a battlecry!
The goblin goes into a battle-frenzy!
The goblin hits you with a +0 club.
* * * LOW HITPOINT WARNING * * *
You hit Robin.
Robin is almost dead.
You recover from your berserk rage.
Robin barely misses you. The goblin hits you but does no damage.
You hit Robin but do no damage.
Robin is almost dead.
Robin hits you with a +0 mace!
You die...

....................
....................
######..#####.......
##.###...##... ...gg
####.<#......... ...g.
####...>....#.#### #..g.
.....###......### ...#
.##### #..#....)#### g.. .#
#..#.###g@g†###.#
†#######....# ####)##).#
..#..<....... ###....#
#.#.......... #.....†#
#................####.......
###...........### ###.#...
##.......... .# #
##.†....... # #..#####...


You could see Robin and a goblin (strong).

Vanquished Creatures
  2 adders (D:2)
  A worm (D:2)
  A dart slug (D:2)
  2 bats (D:2)
  6 endoplasms
  A giant cockroach (D:1)
  7 goblins
  11 hobgoblins
  A quokka (D:2)
  2 ball pythons (D:2)
  A frilled lizard (D:2)
  A kobold (D:2)
  4 rats
40 creatures vanquished.

Notes
Turn   | Place    | Note
-------+----------+-------------------------------------------
     0 | D:1      | robertstho the Troll Berserker began the quest for the Orb.
     0 | D:1      | Reached XP level 1. HP: 22/22 MP: 0/0
   461 | D:1      | Found a faded altar of an unknown god.
   514 | D:1      | Reached XP level 2. HP: 29/29 MP: 1/1
   641 | D:2      | Reached XP level 3. HP: 36/36 MP: 2/2
   715 | D:2      | Reached ** piety under Trog
   829 | D:2      | Noticed Robin
   853 | D:2      | Reached skill level 1 in Armour
   861 | D:2      | Reached XP level 4. HP: 45/45 MP: 3/3
   880 | D:2      | Slain by Robin

Illustrated notes

Levels and vault maps discovered:
D:1:      dpeg_arrival_rooms_a, layout_basic, basic_ecumenical_altar
D:2:      layout_rooms, uniq_robin

Skill      XL: |  1  2  3 |
---------------+----------+-----
Maces & Flails | 3 |  3.3
Fighting       | 3 |  3.0
Armour         | 1 |  1.0
Dodging        | |  2.8

Action                   |  1- 3 |  4- 6 || total
-------------------------+-------+-------++-------
Melee: Mace              |    97 |    17 ||   114
Invok: Berserk           |     2 |       ||     2
       Trog's Hand       |     1 |       ||     1
  Use: Potion            |       |     3 ||     3
 Stab: Sleeping          |     2 |       ||     2
Armor: Animal skin       |    37 |     5 ||    42
Dodge: Dodged            |    71 |    15 ||    86
